 Dungeon Crawl Stone Soup version 0.30-a0-168-g0b976cbdc4 (webtiles) character file.

Game seed: 15071441725941331587

143613 qw the Severer (level 17, -8/110 HPs)
             Began as a Gargoyle Fighter on Sept 29, 2022.
             Was a High Priest of Okawaru.
             Mangled by a bunyip (36 damage)
             ... on level 1 of the Swamp.
             The game lasted 00:12:27 (30746 turns).

qw the Severer (Gargoyle Fighter)                  Turns: 30746, Time: 00:12:27

Health: -8/110     AC: 41    Str: 26    XL:     17   Next: 38%
Magic:  24/24      EV: 16    Int: 11    God:    Okawaru [*****.]
Gold:   1955       SH: 15    Dex: 15    Spells: 16/16 levels left

rFire   + + .      SeeInvis +    G - +0 broad axe (elec)
rCold   . . .      Faith    .    b - +1 kite shield {AC+3}
rNeg    + + +      Spirit   .    A - +3 plate armour
rPois   inf        Reflect  .    g - +0 hat "Ciadesm" {Drain rElec Dex+6}
rElec   +          Harm     .    q - +0 cloak {Will+}
rCorr   .          Rampage  .    j - +2 pair of gloves
Will    ++++.                    (no boots)
Stlth   ..........               w - amulet of Gobb {Acrobat rElec rN+ SInv}
HPRegen 0.28/turn                k - +4 ring of evasion
MPRegen 0.19/turn                p - ring "Pokluen" {rElec rF++ rN+ Will++}

@: about to teleport, heroic, flying
A: sickness immunity, AC +12, big wings, negative energy resistance 1,
electricity resistance, torment resistance 1, petrification resistance
a: Renounce Religion, Heroism, Finesse, Duel


You were on level 1 of the Swamp.
You worshipped Okawaru.
Okawaru was extremely pleased with you.
You visited 5 branches of the dungeon, and saw 24 of its levels.
You also visited: Gauntlet.

You collected 2777 gold pieces.
You spent 822 gold pieces at shops.


Innate Abilities, Weirdness & Mutations

You are immune to sickness and miasma.
Your stone body is resilient. (AC +12)
You are immune to poison.
Your large and strong wings let you fly.
You resist negative energy. (rN+)
You are resistant to electric shocks. (rElec)
You are resistant to unholy torment.
You are immune to petrification.


   Skills:
 - Level 13.9(18.9) Fighting
 - Level 17.0(22.0) Axes
 - Level 7.0(12.0) Throwing
 - Level 11.8(16.8) Armour
 - Level 5.0(10.0) Dodging
 + Level 12.8(17.8) Shields
 - Level 10.0 Invocations


You had 16 spell levels left.
You didn't know any spells.
Your spell library was empty.

Inventory:

Hand Weapons
 G - a +0 broad axe of electrocution (weapon)
 Y - a +2 broad axe of flaming
Missiles
 f - 11 boomerangs
 s - 3 javelins (quivered)
 y - a silver boomerang
 z - 3 boomerangs of dispersal
 C - 2 silver javelins
Armour
 b - a +1 kite shield of protection (worn)
 g - the +0 hat "Ciadesm" (worn) {Drain rElec Dex+6}
   (Okawaru gifted it to you on level 5 of the Lair of Beasts)

   Dex:       It affects your dexterity (+6).
   rElec:     It insulates you from electricity.
   Drain:     It drains your maximum health when unequipped.
 j - a +2 pair of gloves (worn)
 o - the +1 scale mail of the Weak Griffon {Drain rCorr MP+9 Dex+6}
   (Okawaru gifted it to you on level 4 of the Lair of Beasts)

   Dex:       It affects your dexterity (+6).
   MP:        It affects your magic capacity (+9).
   rCorr:     It protects you from acid and corrosion.
   Drain:     It drains your maximum health when unequipped.
 q - a +0 cloak of willpower (worn)
 A - a +3 plate armour (worn)
 B - the +0 hat of the Tick {Contam rPois rF+ SInv}
   (You found it in a Gauntlet)

   rF:        It protects you from fire.
   rPois:     It protects you from poison.
   SInv:      It lets you see invisible.
   Contam:    It causes magical contamination when unequipped.
Jewellery
 k - a +4 ring of evasion (left hand)
 p - the ring "Pokluen" (right hand) {rElec rF++ rN+ Will++}
   (You found it on level 6 of the Dungeon)

   [ring of positive energy]

   rF:        It greatly protects you from fire.
   rElec:     It insulates you from electricity.
   rN:        It protects you from negative energy.
   Will:      It greatly increases your willpower.
 r - a ring of see invisible
 u - a ring of resist corrosion
 w - the amulet of Gobb (around neck) {Acrobat rElec rN+ SInv}
   (You found it on level 10 of the Dungeon)

   [amulet of the acrobat]

   It increases your evasion while moving and waiting.
   rElec:     It insulates you from electricity.
   rN:        It protects you from negative energy.
   SInv:      It lets you see invisible.
 E - the ring of Qyjex {rN+ MP+9 Str+4}
   (You took it off a minotaur in a Gauntlet)

   [ring of magical power]

   Str:       It affects your strength (+4).
   rN:        It protects you from negative energy.
   MP:        It affects your magic capacity (+9).
Scrolls
 m - 10 scrolls of identify
 n - a scroll of teleportation
Potions
 a - 4 potions of lignification
 d - 4 potions of might
 e - 5 potions of haste
 h - 5 potions of attraction
 i - 3 potions of mutation
 l - 14 potions of curing
 t - 5 potions of magic
 v - 2 potions of heal wounds
 x - a potion of cancellation

Dungeon Overview and Level Annotations

Branches:
Dungeon (15/15)            Temple (1/1) D:6            Lair (5/5) D:8
  Swamp (1/4) Lair:2       Spider (0/4) Lair:2        Slime (0/5) Lair:5
    Orc (2/2) D:11            Elf (0/3) Orc:2        Vaults (0/5) D:14
 Depths (0/4) D:15        Gauntlet (visited)

Altars:
Ashenzari
Cheibriados
Dithmenos
Elyvilon
Fedhas
Gozag
Hepliaklqana
Kikubaaqudgha
Makhleb
Nemelex Xobeh
Okawaru
Qazlal
Ru
Sif Muna
Trog
Uskayaw
Wu Jian
Yredelemnul
Zin
The Shining One
Jiyva

Shops:
Orc:2 ((?!

Portals:
Trove: D:12 (give 18 potions of curing)

Annotations:
D:6 6 runed translucent doors, 2 transporters


Message History

The vampire mosquito is almost destroyed.
You completely miss the bunyip. You barely miss the alligator.
The vampire mosquito bites you. The bunyip closely misses you.
The bunyip misses you. You block the bunyip's attack.
You block the goliath frog's attack. The spriggan rider misses you.
The vampire mosquito bites you but does no damage.
You block the spriggan rider's attack. The alligator bites you!!
The alligator barely misses you.
The goliath frog hits you but does no damage.
You barely miss the vampire mosquito.
The vampire mosquito is almost destroyed.
You slash the alligator!
Lightning courses through the alligator!
You hit the bunyip.
You block the vampire mosquito's attack.
You block the goliath frog's attack. The spriggan rider closely misses you.
The spriggan rider hits you but does no damage.
You block the alligator's attack. The alligator tail-slaps you.
You slice the vampire mosquito!!
You destroy the vampire mosquito!
Okawaru accepts your kill.
You closely miss the alligator. You barely miss the bunyip.
You block the goliath frog's attack. The goliath frog closely misses you.
The alligator bites you. The alligator tail-slaps you!
The spriggan rider hits you but does no damage.
30745 ||| READING 2 scrolls of teleportation.
As you read the scroll of teleportation, it crumbles to dust.
You feel strangely unstable. You block the goliath frog's attack.
The goliath frog hits you but does no damage.
The spriggan rider hits you but does no damage.
The alligator bites you! The alligator misses you.
The spriggan rider barely misses you.
30746 ||| DRINKING 3 potions of heal wounds.
You feel much better.
The bunyip howls a warning cry!
The goliath frog closely misses you. The goliath frog barely misses you.
You block the spriggan rider's attack. The bunyip claws you!
The bunyip claws you!!!
You die...

7~~.7.. 7.7.7.~
7.~)~~.77
7.~.~~.~77 .
7~~?.¤~.77 77.~
7.~~~=¤..7....~
7~~...~)¤F.7~..
7<@ti~~~~~
777xy~.7~.
Fi~.~.. .7..~!.
...~~.~ .7 ~~$.
~~ ~77 ~7


77 You could see a bunyip (strong, catching breath), an alligator (strong), 2
spriggan riders, 2 goliath frogs and a vampire mosquito.

Vanquished Creatures
  A stone giant (Orc:2)
  A minotaur (Gauntlet)
  A blizzard demon (Gauntlet)
  A fire dragon (Lair:5)
  An ettin (D:15)
  8 vault guards (D:14)
  A catoblepas (Lair:2)
  4 hydras
  2 ogre magi (Orc:2)
  Erica (D:9)
  3 centaur warriors
  16 two-headed ogres
  8 boulder beetles
  Urug (Lair:2)
  4 tengu warriors
  6 death yaks
  2 thrashing horrors (Gauntlet)
  Amaemon (D:8)
  A spriggan druid (Swamp:1)
  2 deep trolls (Orc:2)
  A swamp dragon (Lair:5)
  A wizard (D:15)
  2 lindwurms (Lair:5)
  3 orc knights
  4 deep elf pyromancers
  A necromancer (D:15)
  9 ugly things
  2 orc sorcerers
  A will-o-the-wisp (Lair:1)
  5 cyclopes
  A worldbinder (Gauntlet)
  20 elephants
  Maurice (D:8)
  2 manticores
  2 torpor snails
  A black mamba (shapeshifter) (D:14)
  6 gargoyles
  An orange demon (D:8)
  4 black mambas
  13 cane toads
  2 efreet (D:13)
  2 unseen horrors (D:12)
  6 komodo dragons
  3 rime drakes
  Maggie (D:8)
  An ice devil (Gauntlet)
  12 polar bears
  3 meliai (D:15)
  16 trolls
  A wolf spider simulacrum (D:15)
  A hornet (D:9)
  Grinder (D:6)
  12 blink frogs
  5 slime creatures (D:14)
  5 dream sheep (Lair:4)
  A raiju (Lair:5)
  10 centaur simulacra
  A shadow (D:10)
  42 yaks
  4 wyverns
  4 wraiths
  A vampire (D:10)
  3 fire bats (Lair:5)
  9 basilisks
  3 vampire mosquitoes
  9 wargs
  5 steam dragons
  An acid dragon (shapeshifter) (D:12)
  14 hell hounds (Lair:5)
  2 acid dragons
  12 water moccasins
  13 black bears
  15 orc warriors
  2 swamp drakes (Lair:5)
  4 ice beasts
  A sky beast (D:7)
  5 centaurs
  28 wolves
  2 boggarts (Gauntlet)
  25 ogres
  2 kobold brigands
  5 phantoms
  2 necrophages
  10 bullfrogs
  11 scorpions
  3 small abominations (Gauntlet)
  9 killer bees
  2 vampire bats (D:3)
  3 electric eels
  5 howler monkeys (D:12)
  3 jellies
  19 orc priests
  3 hounds
  Ijyb (D:3)
  3 iguanas
  25 orc wizards
  A gnoll (D:1)
  9 adders
  A shadow imp (D:5)
  8 white imps
  6 ufetubi
  5 dart slugs
  4 worms
  89 orcs
  6 ball pythons
  9 bats
  9 endoplasms
  4 giant cockroaches
  6 goblins
  9 hobgoblins
  2 quokkas (D:1)
  3 frilled lizards
  25 kobolds
  5 rats
739 creatures vanquished.

Vanquished Creatures (others)
  A wizard (D:15)
  4 orcs (D:12)
  21 demonic plants (Gauntlet)
  24 foxfires
  24 fungi
  62 plants
136 creatures vanquished.

Grand Total: 875 creatures vanquished

Notes
Turn   | Place    | Note
-------+----------+-------------------------------------------
     0 | D:1      | qw the Gargoyle Fighter began the quest for the Orb.
     0 | D:1      | Reached XP level 1. HP: 14/14 MP: 1/1
     0 | D:1      | 0 ||| qw: Version: 0.2-a-12-gaebbb33
     0 | D:1      | 0 ||| qw: Game counter: 1233
     0 | D:1      | 0 ||| qw: Always use a shield: true
     0 | D:1      | 0 ||| qw: God list: Okawaru
     0 | D:1      | 0 ||| qw: Allow faded altars: false
     0 | D:1      | 0 ||| qw: Do Orc after D:15 true
     0 | D:1      | 0 ||| qw: Do second Lair branch before Depths: true
     0 | D:1      | 0 ||| qw: Lair rune preference: random
     0 | D:1      | 0 ||| qw: Plans: Normal, Zot:1-4, God:TSO, Crypt, Tomb,
                  | Pan, Slime:5, Hells, Abyss, Orb
     0 | D:1      | 0 ||| PLANNING D:1-11
   125 | D:1      | Reached skill level 2 in Axes
   158 | D:1      | Reached XP level 2. HP: 15/19 MP: 2/2
   668 | D:1      | Reached skill level 3 in Axes
   694 | D:1      | Reached XP level 3. HP: 8/23 MP: 3/3
  1033 | D:1      | Found a faded altar of an unknown god.
  1431 | D:1      | 1431 ||| READING scroll labelled DEKEMO ANAKK.
  1432 | D:1      | 1432 ||| READING scroll labelled FIS QYQEEGAS.
  1525 | D:2      | 1525 ||| Stepping ~*~*~tactically~*~*~ (hiding).
  1526 | D:2      | 1526 ||| Stepping ~*~*~tactically~*~*~ (hiding).
  1535 | D:2      | Reached skill level 4 in Axes
  1535 | D:2      | Reached XP level 4. HP: 18/28 MP: 4/4
  1537 | D:2      | 1537 ||| Stepping ~*~*~tactically~*~*~ (hiding).
  1775 | D:2      | 1775 ||| DROPPING +0 club.
  1844 | D:2      | 1844 ||| Stepping ~*~*~tactically~*~*~ (stealth).
  1855 | D:2      | Reached XP level 5. HP: 32/32 MP: 5/5
  1995 | D:2      | 1995 ||| Stepping ~*~*~tactically~*~*~ (stealth).
  1997 | D:2      | 1997 ||| Stepping ~*~*~tactically~*~*~ (stealth).
  2000 | D:2      | 2000 ||| Stepping ~*~*~tactically~*~*~ (stealth).
  2094 | D:2      | 2094 ||| Stepping ~*~*~tactically~*~*~ (stealth).
  2151 | D:2      | 2151 ||| Stepping ~*~*~tactically~*~*~ (stealth).
  2453 | D:2      | 2453 ||| READING 2 scrolls labelled QOUSAS YTAYSE.
  2504 | D:2      | 2504 ||| READING scroll labelled COCELOP ZIHIO.
  2505 | D:2      | 2505 ||| READING scroll labelled JIXULL NUCU.
  2506 | D:2      | 2506 ||| READING scroll labelled NUANUH JECOC.
  2507 | D:2      | 2507 ||| DROPPING scroll of torment.
  2550 | D:3      | Noticed Ijyb
  2551 | D:3      | 2551 ||| Stepping ~*~*~tactically~*~*~ (hiding).
  2566 | D:3      | Killed Ijyb
  2567 | D:3      | Reached skill level 5 in Axes
  2698 | D:3      | Reached XP level 6. HP: 38/38 MP: 6/6
  2701 | D:3      | Reached skill level 1 in Dodging
  2802 | D:3      | Found a sparkling altar of Nemelex Xobeh.
  2855 | D:3      | Found a bloodstained altar of Trog.
  3095 | D:3      | 3095 ||| Stepping ~*~*~tactically~*~*~ (hiding).
  3233 | D:3      | 3233 ||| Stepping ~*~*~tactically~*~*~ (hiding).
  3369 | D:3      | 3369 ||| Stepping ~*~*~tactically~*~*~ (stealth).
  3373 | D:3      | 3373 ||| Stepping ~*~*~tactically~*~*~ (hiding).
  3419 | D:3      | 3419 ||| Stepping ~*~*~tactically~*~*~ (hiding).
  3548 | D:3      | 3548 ||| UPGRADING to +4 ring of evasion.
  3549 | D:3      | 3549 ||| READING scroll labelled TIRIAKHL MILE.
  3550 | D:3      | 3550 ||| READING 3 scrolls labelled YPNAIPS FAOMURR.
  3551 | D:3      | 3551 ||| READING scroll labelled KYIMPA HENOMAE.
  3552 | D:3      | 3552 ||| READING scroll labelled IHESAPESOU.
  3553 | D:3      | 3553 ||| DRINKING 3 brown potions.
  3554 | D:3      | 3554 ||| DROPPING 2 potions of invisibility.
  3780 | D:4      | 3780 ||| Stepping ~*~*~tactically~*~*~ (hiding).
  3910 | D:4      | Found a broken altar of Ashenzari.
  3911 | D:4      | 3911 ||| Stepping ~*~*~tactically~*~*~ (stealth).
  3916 | D:4      | 3916 ||| Stepping ~*~*~tactically~*~*~ (stealth).
  3949 | D:4      | HP: 7/38 [orc priest/divine providence (11)]
  4206 | D:4      | 4206 ||| DROPPING +0 whip.
  4392 | D:4      | 4392 ||| READING scroll labelled TOMANO YTRE.
  4396 | D:4      | 4396 ||| READING scroll labelled QUONEWN BICSIT.
  4396 | D:4      | Identified a scroll of acquirement
  4396 | D:4      | 4396 ||| ACQUIRING +0 broad axe of flaming
  4396 | D:4      | Acquired a +0 broad axe of flaming
  4398 | D:4      | 4398 ||| SWAPPING to +0 broad axe of flaming.
  4399 | D:4      | 4399 ||| DROPPING +1 whip of venom.
  4400 | D:4      | 4400 ||| DROPPING +1 war axe.
  4401 | D:4      | 4401 ||| READING scroll labelled LUPPUW RUIVE.
  4402 | D:4      | 4402 ||| READING scroll labelled TISOXE DORUH.
  4403 | D:4      | 4403 ||| READING 3 scrolls of identify.
  4403 | D:4      | 4403 ||| IDENTIFYING sedimented brown potion
  4404 | D:4      | 4404 ||| READING 2 scrolls of identify.
  4404 | D:4      | 4404 ||| IDENTIFYING lumpy dark potion
  4414 | D:5      | Entered Level 5 of the Dungeon
  4434 | D:5      | 4434 ||| Stepping ~*~*~tactically~*~*~ (stealth).
  4435 | D:5      | 4435 ||| Stepping ~*~*~tactically~*~*~ (stealth).
  4436 | D:5      | 4436 ||| Stepping ~*~*~tactically~*~*~ (stealth).
  4437 | D:5      | 4437 ||| Stepping ~*~*~tactically~*~*~ (stealth).
  4437 | D:5      | Noticed an ice beast
  4446 | D:5      | Reached skill level 6 in Axes
  4446 | D:5      | Reached XP level 7. HP: 32/43 MP: 7/7
  4450 | D:5      | 4450 ||| FLEEEEING.
  4451 | D:5      | 4451 ||| FLEEEEING.
  4452 | D:5      | 4452 ||| FLEEEEING.
  4453 | D:5      | 4453 ||| FLEEEEING.
  4454 | D:5      | 4454 ||| STAIRDANCE
  4621 | D:5      | Reached skill level 7 in Axes
  4803 | D:5      | Reached XP level 8. HP: 49/49 MP: 8/8
  4860 | D:5      | Found a stormy altar of Qazlal.
  4868 | D:5      | Reached skill level 1 in Throwing
  4870 | D:5      | 4870 ||| Stepping ~*~*~tactically~*~*~ (stealth).
  5417 | D:5      | 5417 ||| UPGRADING to +0 pair of gloves.
  5422 | D:5      | 5422 ||| UPGRADING to +0 cloak.
  5427 | D:5      | 5427 ||| READING 2 scrolls of enchant armour.
  5427 | D:5      | 5427 ||| ENCHANTING +0 pair of gloves.
  5428 | D:5      | 5428 ||| READING scroll of enchant armour.
  5428 | D:5      | 5428 ||| ENCHANTING +1 pair of gloves.
  5429 | D:5      | 5429 ||| DRINKING 2 smoky amethyst potions.
  5430 | D:5      | 5430 ||| DROPPING potion of flight.
  5466 | D:6      | 5466 ||| Stepping ~*~*~tactically~*~*~ (stealth).
  5545 | D:6      | Found a sacrificial altar of Ru.
  5567 | D:6      | 5567 ||| Stepping ~*~*~tactically~*~*~ (stealth).
  5570 | D:6      | 5570 ||| Stepping ~*~*~tactically~*~*~ (stealth).
  5638 | D:6      | Reached skill level 8 in Axes
  5649 | D:6      | Found a basalt altar of Yredelemnul.
  5670 | D:6      | Found a large runed translucent door.
  5670 | D:6      | Found a large runed translucent door.
  5672 | D:6      | Found a large runed translucent door.
  5672 | D:6      | Found a large runed translucent door.
  5682 | D:6      | Noticed Grinder
  5683 | D:6      | 5683 ||| Stepping ~*~*~tactically~*~*~ (hiding).
  5684 | D:6      | 5684 ||| Stepping ~*~*~tactically~*~*~ (hiding).
  5685 | D:6      | 5685 ||| Stepping ~*~*~tactically~*~*~ (hiding).
  5687 | D:6      | 5687 ||| Stepping ~*~*~tactically~*~*~ (hiding).
  5694 | D:6      | Paralysed by Grinder for 2 turns
  5698 | D:6      | Killed Grinder
  5699 | D:6      | Reached skill level 6 in Fighting
  5881 | D:6      | 5881 ||| Stepping ~*~*~tactically~*~*~ (stealth).
  5912 | D:6      | Found a staircase to the Ecumenical Temple.
  5913 | D:6      | 5913 ||| PLANNING TEMPLE
  5922 | Temple   | Entered the Ecumenical Temple
  5989 | Temple   | 5989 ||| PLANNING OKAWARU WORSHIP
  6141 | Temple   | Became a worshipper of Warmaster Okawaru
  6142 | Temple   | 6142 ||| PLANNING D:1-11
  6360 | D:6      | Reached XP level 9. HP: 51/56 MP: 9/9
  6367 | D:6      | Reached skill level 9 in Axes
  6376 | D:6      | 6376 ||| FLEEEEING.
  6377 | D:6      | 6377 ||| FLEEEEING.
  6476 | D:6      | Found a transporter.
  6477 | D:6      | Noticed a kobold demonologist
  6489 | D:6      | Found a transporter.
  6506 | D:6      | Noticed a kobold demonologist
  6636 | D:6      | Found a large runed translucent door.
  6637 | D:6      | Found a large runed translucent door.
  6657 | D:6      | 6657 ||| Stepping ~*~*~tactically~*~*~ (stealth).
  6662 | D:6      | 6662 ||| Stepping ~*~*~tactically~*~*~ (stealth).
  6694 | D:6      | 6694 ||| Stepping ~*~*~tactically~*~*~ (stealth).
  6695 | D:6      | 6695 ||| Stepping ~*~*~tactically~*~*~ (stealth).
  6706 | D:6      | HP: 4/57 [orc warrior/+0 long sword (13)]
  6708 | D:6      | HP: 1/57 [orc warrior/+0 long sword (4)]
  6799 | D:6      | 6799 ||| Stepping ~*~*~tactically~*~*~ (stealth).
  7037 | D:6      | Noticed a troll
  7045 | D:6      | Killed a troll
  7045 | D:6      | Reached * piety under Okawaru
  7161 | D:6      | Identified the ring "Pokluen" {rElec rF++ rN+ Will++}
  7362 | D:6      | 7362 ||| UPGRADING to +0 chain mail.
  7372 | D:6      | 7372 ||| DROPPING +0 scale mail.
  7373 | D:6      | 7373 ||| DROPPING +6 ring of intelligence.
  7374 | D:6      | 7374 ||| UPGRADING to ring "Pokluen" {rElec rF++ rN+
                  | Will++}.
  7459 | D:7      | Reached skill level 1 in Invocations
  7549 | D:7      | Found a faded altar of an unknown god.
  7549 | D:7      | Noticed a deep elf pyromancer
  7549 | D:7      | Found the Hermit's Pendant {Faith Invo=14 Evo=0 MP+5}
  7550 | D:7      | 7550 ||| Stepping ~*~*~tactically~*~*~ (hiding).
  7572 | D:7      | Killed a deep elf pyromancer
  7573 | D:7      | Reached skill level 3 in Invocations
  7667 | D:7      | Reached ** piety under Okawaru
  7716 | D:7      | 7716 ||| Stepping ~*~*~tactically~*~*~ (hiding).
  7717 | D:7      | 7717 ||| Stepping ~*~*~tactically~*~*~ (hiding).
  7963 | D:7      | 7963 ||| Stepping ~*~*~tactically~*~*~ (stealth).
  7965 | D:7      | 7965 ||| INVOKING Heroism.
  8104 | D:7      | Reached skill level 10 in Axes
  8104 | D:7      | Reached XP level 10. HP: 63/63 MP: 13/13
  8148 | D:7      | 8148 ||| INVOKING Heroism.
  8202 | D:7      | 8202 ||| INVOKING Heroism.
  8394 | D:7      | 8394 ||| INVOKING Heroism.
  8395 | D:7      | 8395 ||| Stepping ~*~*~tactically~*~*~ (hiding).
  8396 | D:7      | 8396 ||| Stepping ~*~*~tactically~*~*~ (hiding).
  8417 | D:7      | Found a hide-covered altar of Uskayaw.
  8834 | D:7      | 8834 ||| UPGRADING to +0 plate armour.
  8844 | D:7      | 8844 ||| DROPPING +0 chain mail.
  8845 | D:7      | 8845 ||| UPGRADING to amulet of the acrobat.
  8850 | D:7      | 8850 ||| DRINKING 3 dark potions.
  8851 | D:7      | 8851 ||| READING 5 scrolls of identify.
  8851 | D:7      | 8851 ||| IDENTIFYING black potion
  8852 | D:7      | 8852 ||| READING 4 scrolls of identify.
  8852 | D:7      | 8852 ||| IDENTIFYING fizzy yellow potion
  8853 | D:7      | 8853 ||| READING 3 scrolls of identify.
  8853 | D:7      | 8853 ||| IDENTIFYING clear potion
  8854 | D:7      | 8854 ||| READING 2 scrolls of identify.
  8854 | D:7      | 8854 ||| IDENTIFYING ruby potion
  8855 | D:7      | 8855 ||| DROPPING potion of ambrosia.
  8899 | D:8      | Found a shadowy altar of Dithmenos.
  8911 | D:8      | 8911 ||| Stepping ~*~*~tactically~*~*~ (stealth).
  8912 | D:8      | 8912 ||| INVOKING Heroism.
  8913 | D:8      | Found a staircase to the Lair.
  8923 | D:8      | Reached skill level 6 in Armour
  9013 | D:8      | Noticed an orange demon
  9014 | D:8      | 9014 ||| Stepping ~*~*~tactically~*~*~ (stealth).
  9015 | D:8      | Noticed a two-headed ogre
  9015 | D:8      | Noticed Amaemon
  9016 | D:8      | 9016 ||| Stepping ~*~*~tactically~*~*~ (stealth).
  9017 | D:8      | 9017 ||| Stepping ~*~*~tactically~*~*~ (stealth).
  9022 | D:8      | 9022 ||| Stepping ~*~*~tactically~*~*~ (stealth).
  9024 | D:8      | 9024 ||| INVOKING Heroism.
  9025 | D:8      | 9025 ||| Stepping ~*~*~tactically~*~*~ (stealth).
  9031 | D:8      | Killed a two-headed ogre
  9041 | D:8      | Killed Amaemon
  9041 | D:8      | Reached *** piety under Okawaru
  9047 | D:8      | Killed an orange demon
  9262 | D:8      | 9262 ||| Stepping ~*~*~tactically~*~*~ (stealth).
  9284 | D:8      | Noticed Maggie
  9285 | D:8      | 9285 ||| Stepping ~*~*~tactically~*~*~ (hiding).
  9288 | D:8      | 9288 ||| INVOKING Heroism.
  9300 | D:8      | Killed Maggie
  9372 | D:8      | Found a glowing golden altar of the Shining One.
  9410 | D:8      | Noticed a two-headed ogre
  9411 | D:8      | 9411 ||| INVOKING Heroism.
  9420 | D:8      | Killed a two-headed ogre
  9420 | D:8      | Reached **** piety under Okawaru
  9421 | D:8      | Reached skill level 11 in Axes
  9456 | D:8      | 9456 ||| INVOKING Heroism.
  9700 | D:8      | Noticed Maurice
  9712 | D:8      | Killed Maurice
  9713 | D:8      | Reached XP level 11. HP: 65/69 MP: 14/14
  9843 | D:8      | 9843 ||| PLANNING LAIR
  9843 | D:8      | 9843 ||| UPGRADING to +0 cloak of willpower.
  9853 | D:8      | 9853 ||| DROPPING +0 cloak.
  9872 | Lair:1   | Entered Level 1 of the Lair of Beasts
  9910 | Lair:1   | 9910 ||| INVOKING Heroism.
 10100 | Lair:1   | 10100 ||| Stepping ~*~*~tactically~*~*~ (stealth).
 10102 | Lair:1   | 10102 ||| INVOKING Heroism.
 10117 | Lair:1   | Reached skill level 9 in Fighting
 10142 | Lair:1   | 10142 ||| INVOKING Heroism.
 10147 | Lair:1   | Reached skill level 6 in Invocations
 10153 | Lair:1   | Received a gift from Okawaru
 10183 | Lair:1   | 10183 ||| INVOKING Heroism.
 10194 | Lair:1   | Reached ***** piety under Okawaru
 10333 | Lair:1   | 10333 ||| INVOKING Heroism.
 10399 | Lair:1   | 10399 ||| INVOKING Heroism.
 10582 | Lair:1   | 10582 ||| INVOKING Heroism.
 10811 | Lair:1   | 10811 ||| Stepping ~*~*~tactically~*~*~ (stealth).
 10813 | Lair:1   | 10813 ||| Stepping ~*~*~tactically~*~*~ (stealth).
 10816 | Lair:1   | 10816 ||| INVOKING Heroism.
 10820 | Lair:1   | 10820 ||| Stepping ~*~*~tactically~*~*~ (stealth).
 10825 | Lair:1   | 10825 ||| Stepping ~*~*~tactically~*~*~ (stealth).
 10831 | Lair:1   | Received a gift from Okawaru
 10841 | Lair:1   | 10841 ||| INVOKING Heroism.
 11482 | Lair:2   | 11482 ||| INVOKING Heroism.
 11488 | Lair:2   | 11488 ||| Stepping ~*~*~tactically~*~*~ (water).
 11498 | Lair:2   | Found a staircase to the Swamp.
 11498 | Lair:2   | Noticed a will-o-the-wisp
 11504 | Lair:2   | 11504 ||| FLEEEEING.
 11505 | Lair:2   | 11505 ||| FLEEEEING.
 11510 | Lair:2   | 11510 ||| FLEEEEING.
 11511 | Lair:2   | 11511 ||| FLEEEEING.
 11512 | Lair:2   | 11512 ||| STAIRDANCE
 11512 | Lair:2   | HP: 17/71 [will-o-the-wisp/foxfire (6)]
 11776 | Lair:2   | 11776 ||| STAIRDANCE
 11783 | Lair:1   | 11783 ||| INVOKING Heroism.
 11784 | Lair:1   | Killed a will-o-the-wisp
 12028 | Lair:2   | 12028 ||| Stepping ~*~*~tactically~*~*~ (stealth).
 12033 | Lair:2   | 12033 ||| INVOKING Heroism.
 12035 | Lair:2   | 12035 ||| Stepping ~*~*~tactically~*~*~ (stealth).
 12038 | Lair:2   | 12038 ||| Stepping ~*~*~tactically~*~*~ (stealth).
 12046 | Lair:2   | Reached skill level 12 in Axes
 12048 | Lair:2   | Identified the +4 whip "Kusmehasi" {vorpal, rF+} (Okawaru
                  | gifted it to you on level 2 of the Lair of Beasts)
 12048 | Lair:2   | Received a gift from Okawaru
 12049 | Lair:2   | Reached XP level 12. HP: 50/76 MP: 18/18
 12192 | Lair:2   | 12192 ||| FLEEEEING.
 12197 | Lair:2   | 12197 ||| INVOKING Heroism.
 12199 | Lair:2   | Reached skill level 9 in Invocations
 12202 | Lair:2   | Reached skill level 6 in Shields
 12218 | Lair:2   | Noticed Urug
 12219 | Lair:2   | 12219 ||| INVOKING Finesse.
 12244 | Lair:2   | Killed Urug
 12309 | Lair:2   | Identified the +11 flail of Liajue {vorpal, Stlth+}
 12375 | Lair:2   | Noticed a catoblepas
 12376 | Lair:2   | 12376 ||| INVOKING Heroism.
 12377 | Lair:2   | 12377 ||| INVOKING Finesse.
 12385 | Lair:2   | Killed a catoblepas
 12577 | Lair:2   | Found a hole to the Spider Nest.
 12580 | Lair:2   | 12580 ||| FLEEEEING.
 12581 | Lair:2   | 12581 ||| FLEEEEING.
 12582 | Lair:2   | 12582 ||| FLEEEEING.
 12583 | Lair:2   | 12583 ||| FLEEEEING.
 12586 | Lair:2   | 12586 ||| FLEEEEING.
 12587 | Lair:2   | 12587 ||| FLEEEEING.
 12588 | Lair:2   | 12588 ||| FLEEEEING.
 12589 | Lair:2   | 12589 ||| FLEEEEING.
 12590 | Lair:2   | 12590 ||| FLEEEEING.
 12591 | Lair:2   | 12591 ||| FLEEEEING.
 12593 | Lair:2   | 12593 ||| FLEEEEING.
 12594 | Lair:2   | 12594 ||| FLEEEEING.
 12595 | Lair:2   | 12595 ||| FLEEEEING.
 12596 | Lair:2   | 12596 ||| FLEEEEING.
 12597 | Lair:2   | 12597 ||| FLEEEEING.
 12598 | Lair:2   | 12598 ||| FLEEEEING.
 12600 | Lair:2   | 12600 ||| FLEEEEING.
 12602 | Lair:2   | 12602 ||| INVOKING Heroism.
 12715 | Lair:2   | 12715 ||| Stepping ~*~*~tactically~*~*~ (stealth).
 12719 | Lair:2   | 12719 ||| INVOKING Heroism.
 12722 | Lair:2   | Reached skill level 3 in Throwing
 12722 | Lair:2   | 12722 ||| Stepping ~*~*~tactically~*~*~ (stealth).
 12725 | Lair:2   | 12725 ||| Stepping ~*~*~tactically~*~*~ (stealth).
 12726 | Lair:2   | 12726 ||| Stepping ~*~*~tactically~*~*~ (stealth).
 12841 | Lair:2   | 12841 ||| Stepping ~*~*~tactically~*~*~ (stealth).
 13187 | Lair:2   | 13187 ||| READING 7 scrolls of identify.
 13187 | Lair:2   | 13187 ||| IDENTIFYING sedimented inky potion
 13188 | Lair:2   | 13188 ||| READING 6 scrolls of identify.
 13188 | Lair:2   | 13188 ||| IDENTIFYING smoky grey potion
 13189 | Lair:2   | 13189 ||| DROPPING potion of berserk rage.
 13266 | Lair:3   | 13266 ||| Stepping ~*~*~tactically~*~*~ (stealth).
 13268 | Lair:3   | 13268 ||| Stepping ~*~*~tactically~*~*~ (hiding).
 13280 | Lair:3   | 13280 ||| Stepping ~*~*~tactically~*~*~ (stealth).
 13285 | Lair:3   | 13285 ||| Stepping ~*~*~tactically~*~*~ (stealth).
 13294 | Lair:3   | Reached skill level 9 in Armour
 13299 | Lair:3   | 13299 ||| INVOKING Heroism.
 13303 | Lair:3   | Received a gift from Okawaru
 13332 | Lair:3   | 13332 ||| Stepping ~*~*~tactically~*~*~ (stealth).
 13341 | Lair:3   | 13341 ||| Stepping ~*~*~tactically~*~*~ (stealth).
 13397 | Lair:3   | 13397 ||| Stepping ~*~*~tactically~*~*~ (stealth).
 13399 | Lair:3   | 13399 ||| Stepping ~*~*~tactically~*~*~ (stealth).
 13408 | Lair:3   | 13408 ||| Stepping ~*~*~tactically~*~*~ (stealth).
 13600 | Lair:3   | Received a gift from Okawaru
 13648 | Lair:3   | Identified the +1 chain mail "Erilirch" {rPois Will+ MP+9
                  | Dex-5}
 13681 | Lair:3   | 13681 ||| INVOKING Heroism.
 13788 | Lair:3   | 13788 ||| INVOKING Heroism.
 13958 | Lair:3   | 13958 ||| INVOKING Heroism.
 14168 | Lair:3   | 14168 ||| Stepping ~*~*~tactically~*~*~ (stealth).
 14169 | Lair:3   | 14169 ||| Stepping ~*~*~tactically~*~*~ (stealth).
 14194 | Lair:3   | 14194 ||| Stepping ~*~*~tactically~*~*~ (stealth).
 14226 | Lair:3   | 14226 ||| Stepping ~*~*~tactically~*~*~ (stealth).
 14227 | Lair:3   | 14227 ||| Stepping ~*~*~tactically~*~*~ (stealth).
 14231 | Lair:3   | 14231 ||| Stepping ~*~*~tactically~*~*~ (stealth).
 14236 | Lair:3   | 14236 ||| INVOKING Heroism.
 14243 | Lair:3   | Reached ****** piety under Okawaru
 14246 | Lair:3   | Reached skill level 13 in Axes
 14252 | Lair:3   | Reached XP level 13. HP: 64/82 MP: 20/20
 14646 | Lair:3   | 14646 ||| DROPPING +1 chain mail "Erilirch" {rPois Will+
                  | MP+9 Dex-5}.
 14745 | Lair:4   | 14745 ||| INVOKING Heroism.
 14807 | Lair:4   | 14807 ||| Stepping ~*~*~tactically~*~*~ (stealth).
 14817 | Lair:4   | 14817 ||| Stepping ~*~*~tactically~*~*~ (hiding).
 14828 | Lair:4   | 14828 ||| INVOKING Heroism.
 15017 | Lair:4   | 15017 ||| INVOKING Heroism.
 15018 | Lair:4   | Identified the +1 scale mail of the Weak Griffon {Drain
                  | rCorr MP+9 Dex+6} (Okawaru gifted it to you on level 4 of
                  | the Lair of Beasts)
 15018 | Lair:4   | Received a gift from Okawaru
 15019 | Lair:4   | 15019 ||| INVOKING Finesse.
 15172 | Lair:4   | 15172 ||| INVOKING Heroism.
 15292 | Lair:4   | 15292 ||| INVOKING Heroism.
 15396 | Lair:4   | 15396 ||| Stepping ~*~*~tactically~*~*~ (stealth).
 15499 | Lair:4   | 15499 ||| Stepping ~*~*~tactically~*~*~ (stealth).
 15500 | Lair:4   | 15500 ||| Stepping ~*~*~tactically~*~*~ (stealth).
 15501 | Lair:4   | 15501 ||| Stepping ~*~*~tactically~*~*~ (stealth).
 15502 | Lair:4   | 15502 ||| Stepping ~*~*~tactically~*~*~ (stealth).
 15503 | Lair:4   | 15503 ||| Stepping ~*~*~tactically~*~*~ (stealth).
 15504 | Lair:4   | 15504 ||| Stepping ~*~*~tactically~*~*~ (stealth).
 15542 | Lair:4   | 15542 ||| INVOKING Heroism.
 15552 | Lair:4   | Reached skill level 14 in Axes
 15899 | Lair:4   | 15899 ||| INVOKING Heroism.
 15942 | Lair:5   | Entered Level 5 of the Lair of Beasts
 15943 | Lair:5   | 15943 ||| STAIRDANCE
 16005 | Lair:5   | 16005 ||| STAIRDANCE
 16006 | Lair:5   | 16006 ||| INVOKING Heroism.
 16007 | Lair:5   | 16007 ||| INVOKING Finesse.
 16023 | Lair:5   | HP: 11/82 [yak (10)]
 16024 | Lair:5   | 16024 ||| READING 3 scrolls of teleportation.
 16024 | Lair:5   | HP: 5/82 [lindwurm (3)]
 16025 | Lair:5   | 16025 ||| DRINKING 2 potions of heal wounds.
 16026 | Lair:5   | 16026 ||| DRINKING potion of heal wounds.
 16035 | Lair:5   | HP: 19/82 [blink frog (11)]
 16036 | Lair:5   | 16036 ||| READING 2 scrolls of teleportation.
 16041 | Lair:5   | Identified the +0 hat "Ciadesm" {Drain rElec Dex+6}
                  | (Okawaru gifted it to you on level 5 of the Lair of Beasts)
 16041 | Lair:5   | Received a gift from Okawaru
 16043 | Lair:5   | HP: 10/83 [black mamba (6)]
 16046 | Lair:5   | 16046 ||| READING scroll of teleportation.
 16064 | Lair:5   | 16064 ||| Stepping ~*~*~tactically~*~*~ (stealth).
 16073 | Lair:5   | 16073 ||| INVOKING Heroism.
 16136 | Lair:5   | 16136 ||| Stepping ~*~*~tactically~*~*~ (stealth).
 16143 | Lair:5   | 16143 ||| Stepping ~*~*~tactically~*~*~ (stealth).
 16144 | Lair:5   | 16144 ||| Stepping ~*~*~tactically~*~*~ (stealth).
 16145 | Lair:5   | 16145 ||| Stepping ~*~*~tactically~*~*~ (stealth).
 16146 | Lair:5   | 16146 ||| Stepping ~*~*~tactically~*~*~ (stealth).
 16153 | Lair:5   | 16153 ||| Stepping ~*~*~tactically~*~*~ (stealth).
 16154 | Lair:5   | 16154 ||| FLEEEEING.
 16155 | Lair:5   | 16155 ||| FLEEEEING.
 16156 | Lair:5   | 16156 ||| FLEEEEING.
 16157 | Lair:5   | 16157 ||| FLEEEEING.
 16158 | Lair:5   | 16158 ||| FLEEEEING.
 16159 | Lair:5   | 16159 ||| FLEEEEING.
 16160 | Lair:5   | 16160 ||| FLEEEEING.
 16161 | Lair:5   | 16161 ||| STAIRDANCE
 16357 | Lair:5   | 16357 ||| INVOKING Heroism.
 16404 | Lair:5   | 16404 ||| Stepping ~*~*~tactically~*~*~ (stealth).
 16406 | Lair:5   | 16406 ||| Stepping ~*~*~tactically~*~*~ (stealth).
 16407 | Lair:5   | 16407 ||| Stepping ~*~*~tactically~*~*~ (stealth).
 16426 | Lair:5   | 16426 ||| INVOKING Heroism.
 16427 | Lair:5   | 16427 ||| INVOKING Finesse.
 16457 | Lair:5   | Gained mutation: Your large and strong wings let you fly.
                  | [Gargoyle growth]
 16457 | Lair:5   | Reached XP level 14. HP: 75/90 MP: 15/21
 16571 | Lair:5   | 16571 ||| Stepping ~*~*~tactically~*~*~ (hiding).
 16588 | Lair:5   | 16588 ||| Stepping ~*~*~tactically~*~*~ (hiding).
 16604 | Lair:5   | 16604 ||| Stepping ~*~*~tactically~*~*~ (stealth).
 16633 | Lair:5   | 16633 ||| FLEEEEING.
 16634 | Lair:5   | 16634 ||| FLEEEEING.
 16635 | Lair:5   | 16635 ||| FLEEEEING.
 16638 | Lair:5   | 16638 ||| FLEEEEING.
 16639 | Lair:5   | 16639 ||| FLEEEEING.
 16640 | Lair:5   | 16640 ||| FLEEEEING.
 16641 | Lair:5   | 16641 ||| FLEEEEING.
 16642 | Lair:5   | 16642 ||| FLEEEEING.
 16643 | Lair:5   | 16643 ||| STAIRDANCE
 16716 | Lair:4   | 16716 ||| UPGRADING to +0 hat "Ciadesm" {Drain rElec
                  | Dex+6}.
 16863 | Lair:5   | 16863 ||| Stepping ~*~*~tactically~*~*~ (stealth).
 16871 | Lair:5   | 16871 ||| INVOKING Heroism.
 16874 | Lair:5   | Reached skill level 3 in Dodging
 16897 | Lair:5   | 16897 ||| Stepping ~*~*~tactically~*~*~ (hiding).
 16947 | Lair:5   | Found a viscous altar of Jiyva.
 16948 | Lair:5   | Found a staircase to the Slime Pits.
 17125 | Lair:5   | 17125 ||| INVOKING Heroism.
 17126 | Lair:5   | 17126 ||| INVOKING Finesse.
 17265 | Lair:5   | 17265 ||| Stepping ~*~*~tactically~*~*~ (hiding).
 17446 | Lair:5   | 17446 ||| Stepping ~*~*~tactically~*~*~ (stealth).
 17449 | Lair:5   | 17449 ||| Stepping ~*~*~tactically~*~*~ (stealth).
 17450 | Lair:5   | 17450 ||| Stepping ~*~*~tactically~*~*~ (stealth).
 17452 | Lair:5   | 17452 ||| Stepping ~*~*~tactically~*~*~ (stealth).
 17521 | Lair:5   | Reached skill level 15 in Axes
 17586 | Lair:5   | 17586 ||| Stepping ~*~*~tactically~*~*~ (stealth).
 17638 | Lair:5   | 17638 ||| Stepping ~*~*~tactically~*~*~ (stealth).
 17639 | Lair:5   | 17639 ||| Stepping ~*~*~tactically~*~*~ (stealth).
 17656 | Lair:5   | 17656 ||| Stepping ~*~*~tactically~*~*~ (stealth).
 17658 | Lair:5   | 17658 ||| Stepping ~*~*~tactically~*~*~ (stealth).
 17659 | Lair:5   | 17659 ||| Stepping ~*~*~tactically~*~*~ (stealth).
 17708 | Lair:5   | 17708 ||| Stepping ~*~*~tactically~*~*~ (stealth).
 17709 | Lair:5   | 17709 ||| Stepping ~*~*~tactically~*~*~ (stealth).
 17760 | Lair:5   | 17760 ||| Stepping ~*~*~tactically~*~*~ (hiding).
 17763 | Lair:5   | 17763 ||| INVOKING Heroism.
 17774 | Lair:5   | 17774 ||| INVOKING Finesse.
 17777 | Lair:5   | 17777 ||| Stepping ~*~*~tactically~*~*~ (stealth).
 17829 | Lair:5   | 17829 ||| Stepping ~*~*~tactically~*~*~ (stealth).
 17867 | Lair:5   | 17867 ||| INVOKING Heroism.
 17869 | Lair:5   | Reached skill level 12 in Fighting
 17923 | Lair:5   | 17923 ||| INVOKING Heroism.
 17953 | Lair:5   | 17953 ||| Stepping ~*~*~tactically~*~*~ (hiding).
 18108 | Lair:5   | 18108 ||| INVOKING Heroism.
 18113 | Lair:5   | Reached skill level 6 in Throwing
 18145 | Lair:5   | 18145 ||| Stepping ~*~*~tactically~*~*~ (hiding).
 18146 | Lair:5   | 18146 ||| Stepping ~*~*~tactically~*~*~ (hiding).
 18159 | Lair:5   | 18159 ||| Stepping ~*~*~tactically~*~*~ (stealth).
 18218 | Lair:5   | 18218 ||| Stepping ~*~*~tactically~*~*~ (hiding).
 18384 | Lair:5   | 18384 ||| Stepping ~*~*~tactically~*~*~ (stealth).
 18387 | Lair:5   | 18387 ||| Stepping ~*~*~tactically~*~*~ (stealth).
 18393 | Lair:5   | 18393 ||| Stepping ~*~*~tactically~*~*~ (stealth).
 18648 | Lair:5   | 18648 ||| PLANNING D:1-11
 18780 | D:9      | Noticed Erica
 18781 | D:9      | 18781 ||| INVOKING Heroism.
 18782 | D:9      | 18782 ||| INVOKING Finesse.
 18802 | D:9      | Killed Erica
 18802 | D:9      | Identified the +0 scale mail of Hysteria {Will- rCorr MP-9
                  | Int+8} (Okawaru gifted it to you on level 9 of the Dungeon)
 18802 | D:9      | Received a gift from Okawaru
 18913 | D:9      | 18913 ||| INVOKING Heroism.
 18954 | D:9      | 18954 ||| Stepping ~*~*~tactically~*~*~ (stealth).
 18956 | D:9      | 18956 ||| Stepping ~*~*~tactically~*~*~ (stealth).
 18958 | D:9      | 18958 ||| Stepping ~*~*~tactically~*~*~ (stealth).
 18961 | D:9      | 18961 ||| Stepping ~*~*~tactically~*~*~ (stealth).
 18970 | D:9      | 18970 ||| Stepping ~*~*~tactically~*~*~ (stealth).
 19007 | D:9      | 19007 ||| Stepping ~*~*~tactically~*~*~ (hiding).
 19232 | D:9      | 19232 ||| INVOKING Heroism.
 19258 | D:9      | Identified the +8 short sword "Noumpesm" {antimagic, *Noise
                  | rN+ Dex+4}
 19319 | D:9      | 19319 ||| Stepping ~*~*~tactically~*~*~ (stealth).
 19997 | D:9      | 19997 ||| READING 6 scrolls of identify.
 19997 | D:9      | 19997 ||| IDENTIFYING lumpy sapphire potion
 19998 | D:9      | 19998 ||| DROPPING potion of degeneration.
 20024 | D:10     | Entered Level 10 of the Dungeon
 20025 | D:10     | 20025 ||| STAIRDANCE
 20031 | D:10     | 20031 ||| STAIRDANCE
 20331 | D:10     | 20331 ||| INVOKING Heroism.
 20399 | D:10     | 20399 ||| INVOKING Heroism.
 20487 | D:10     | 20487 ||| INVOKING Heroism.
 20526 | D:10     | Identified the amulet of Gobb {Acrobat rElec rN+ SInv}
 20592 | D:10     | 20592 ||| UPGRADING to amulet of Gobb {Acrobat rElec rN+
                  | SInv}.
 20602 | D:10     | 20602 ||| DROPPING amulet of the acrobat.
 20635 | D:11     | 20635 ||| STAIRDANCE
 20646 | D:11     | 20646 ||| Stepping ~*~*~tactically~*~*~ (hiding).
 20701 | D:11     | Identified the +2 falchion "Qoysimom" {vorpal, rC+ SInv}
 20893 | D:11     | 20893 ||| Stepping ~*~*~tactically~*~*~ (hiding).
 20922 | D:11     | 20922 ||| Stepping ~*~*~tactically~*~*~ (hiding).
 20934 | D:11     | 20934 ||| Stepping ~*~*~tactically~*~*~ (hiding).
 21066 | D:11     | 21066 ||| INVOKING Heroism.
 21067 | D:11     | 21067 ||| INVOKING Finesse.
 21129 | D:11     | 21129 ||| INVOKING Heroism.
 21151 | D:11     | Found a staircase to the Orcish Mines.
 21182 | D:11     | 21182 ||| Stepping ~*~*~tactically~*~*~ (stealth).
 21190 | D:11     | 21190 ||| Stepping ~*~*~tactically~*~*~ (hiding).
 21202 | D:11     | 21202 ||| Stepping ~*~*~tactically~*~*~ (hiding).
 21203 | D:11     | 21203 ||| INVOKING Heroism.
 21205 | D:11     | 21205 ||| Stepping ~*~*~tactically~*~*~ (hiding).
 21213 | D:11     | 21213 ||| Stepping ~*~*~tactically~*~*~ (hiding).
 21255 | D:11     | 21255 ||| Stepping ~*~*~tactically~*~*~ (stealth).
 21281 | D:11     | Reached skill level 16 in Axes
 21427 | D:11     | 21427 ||| FLEEEEING.
 21428 | D:11     | 21428 ||| FLEEEEING.
 21429 | D:11     | 21429 ||| FLEEEEING.
 21432 | D:11     | 21432 ||| FLEEEEING.
 21433 | D:11     | 21433 ||| FLEEEEING.
 21434 | D:11     | 21434 ||| FLEEEEING.
 21449 | D:11     | 21449 ||| FLEEEEING.
 21450 | D:11     | 21450 ||| FLEEEEING.
 21464 | D:11     | 21464 ||| FLEEEEING.
 21483 | D:11     | 21483 ||| FLEEEEING.
 21487 | D:11     | 21487 ||| FLEEEEING.
 21488 | D:11     | 21488 ||| FLEEEEING.
 21489 | D:11     | 21489 ||| STAIRDANCE
 21695 | D:10     | 21695 ||| DROPPING orb of energy.
 21696 | D:10     | 21696 ||| READING scroll labelled ITUTZE ZAZXEUT.
 21750 | D:11     | 21750 ||| Stepping ~*~*~tactically~*~*~ (hiding).
 21752 | D:11     | 21752 ||| Stepping ~*~*~tactically~*~*~ (hiding).
 21937 | D:11     | 21937 ||| PLANNING D
 21977 | D:12     | 21977 ||| Stepping ~*~*~tactically~*~*~ (hiding).
 22087 | D:12     | 22087 ||| Stepping ~*~*~tactically~*~*~ (hiding).
 22089 | D:12     | 22089 ||| Stepping ~*~*~tactically~*~*~ (hiding).
 22197 | D:12     | 22197 ||| Stepping ~*~*~tactically~*~*~ (stealth).
 22203 | D:12     | 22203 ||| Stepping ~*~*~tactically~*~*~ (stealth).
 22242 | D:12     | 22242 ||| INVOKING Heroism.
 22264 | D:12     | Reached XP level 15. HP: 47/96 MP: 22/22
 22517 | D:12     | 22517 ||| Stepping ~*~*~tactically~*~*~ (stealth).
 22520 | D:12     | 22520 ||| INVOKING Heroism.
 22570 | D:12     | 22570 ||| Stepping ~*~*~tactically~*~*~ (stealth).
 22582 | D:12     | 22582 ||| Stepping ~*~*~tactically~*~*~ (stealth).
 22853 | D:12     | 22853 ||| Stepping ~*~*~tactically~*~*~ (stealth).
 22864 | D:12     | 22864 ||| INVOKING Heroism.
 22974 | D:12     | 22974 ||| Stepping ~*~*~tactically~*~*~ (hiding).
 22980 | D:12     | 22980 ||| INVOKING Heroism.
 23189 | D:12     | 23189 ||| Stepping ~*~*~tactically~*~*~ (hiding).
 23374 | D:12     | 23374 ||| Stepping ~*~*~tactically~*~*~ (stealth).
 23406 | D:12     | 23406 ||| Stepping ~*~*~tactically~*~*~ (stealth).
 23409 | D:12     | 23409 ||| Stepping ~*~*~tactically~*~*~ (stealth).
 23410 | D:12     | 23410 ||| Stepping ~*~*~tactically~*~*~ (stealth).
 23414 | D:12     | 23414 ||| Stepping ~*~*~tactically~*~*~ (stealth).
 23451 | D:12     | 23451 ||| Stepping ~*~*~tactically~*~*~ (hiding).
 23453 | D:12     | 23453 ||| Stepping ~*~*~tactically~*~*~ (hiding).
 23458 | D:12     | 23458 ||| Stepping ~*~*~tactically~*~*~ (stealth).
 23495 | D:12     | 23495 ||| READING scroll of enchant weapon.
 23495 | D:12     | 23495 ||| ENCHANTING +0 broad axe of flaming.
 23677 | D:12     | Found a portal to a secret trove of treasure.
 23907 | D:12     | 23907 ||| DROPPING amulet of magic regeneration.
 23908 | D:12     | 23908 ||| READING scroll labelled HUROLU EWE.
 23909 | D:12     | 23909 ||| DRINKING 2 silvery potions.
 23910 | D:12     | 23910 ||| DROPPING potion of brilliance.
 23956 | D:13     | 23956 ||| READING scroll of enchant weapon.
 23956 | D:13     | 23956 ||| ENCHANTING +1 broad axe of flaming.
 24008 | D:13     | 24008 ||| Stepping ~*~*~tactically~*~*~ (hiding).
 24397 | D:13     | 24397 ||| Stepping ~*~*~tactically~*~*~ (stealth).
 24403 | D:13     | 24403 ||| Stepping ~*~*~tactically~*~*~ (hiding).
 24412 | D:13     | Reached skill level 17 in Axes
 24839 | D:13     | 24839 ||| READING 10 scrolls of identify.
 24839 | D:13     | 24839 ||| IDENTIFYING fuming red potion
 24847 | D:14     | 24847 ||| PLANNING GAUNTLET
 24952 | D:14     | Found a gate leading to a gauntlet.
 24968 | D:14     | Received a gift from Okawaru
 25076 | Gauntlet | Entered a Gauntlet
 25076 | Gauntlet | Found a transporter.
 25076 | Gauntlet | Found a transporter.
 25076 | Gauntlet | Found a transporter.
 25080 | Gauntlet | Found a transporter.
 25080 | Gauntlet | Found a transporter.
 25090 | Gauntlet | Found a transporter.
 25094 | Gauntlet | Found a transporter.
 25104 | Gauntlet | Found a transporter.
 25148 | Gauntlet | Found a transporter.
 25208 | Gauntlet | Found a transporter.
 25212 | Gauntlet | Found a transporter.
 25222 | Gauntlet | Found a transporter.
 25269 | Gauntlet | 25269 ||| Stepping randomly (stuck).
 25270 | Gauntlet | 25270 ||| Stepping randomly (stuck).
 25272 | Gauntlet | 25272 ||| INVOKING Heroism.
 25273 | Gauntlet | 25273 ||| INVOKING Finesse.
 25324 | Gauntlet | 25324 ||| DROPPING amulet of faith.
 25325 | Gauntlet | 25325 ||| READING 9 scrolls of identify.
 25325 | Gauntlet | 25325 ||| IDENTIFYING fizzy inky potion
 25326 | Gauntlet | 25326 ||| DRINKING potion of experience.
 25326 | Gauntlet | Reached XP level 16. HP: 105/105 MP: 23/23
 25333 | Gauntlet | 25333 ||| Stepping randomly (stuck).
 25344 | Gauntlet | 25344 ||| Stepping ~*~*~tactically~*~*~ (cloud).
 25345 | Gauntlet | 25345 ||| INVOKING Heroism.
 25647 | Gauntlet | Identified the ring of Ungipty {Fly rElec Dex+4}
 25657 | Gauntlet | 25657 ||| INVOKING Heroism.
 25736 | Gauntlet | Identified the +0 hat of the Tick {Contam rPois rF+ SInv}
 25764 | Gauntlet | Identified the ring of Qyjex {rN+ MP+9 Str+4}
 25765 | Gauntlet | 25765 ||| INVOKING Heroism.
 25881 | Gauntlet | 25881 ||| SWAPPING to +0 broad axe of electrocution.
 25890 | Gauntlet | 25890 ||| UPGRADING to +0 shadow dragon scales.
 25900 | Gauntlet | 25900 ||| DROPPING +0 plate armour.
 25901 | Gauntlet | 25901 ||| DROPPING +1 hat.
 25902 | Gauntlet | 25902 ||| DROPPING +0 pair of gloves of dexterity.
 25903 | Gauntlet | 25903 ||| DROPPING ring of Ungipty {Fly rElec Dex+4}.
 25904 | Gauntlet | 25904 ||| DROPPING +6 ring of dexterity.
 25908 | D:14     | 25908 ||| PLANNING D
 25916 | D:14     | 25916 ||| Stepping ~*~*~tactically~*~*~ (hiding).
 26018 | D:14     | 26018 ||| Stepping ~*~*~tactically~*~*~ (hiding).
 26054 | D:14     | 26054 ||| Stepping ~*~*~tactically~*~*~ (stealth).
 26055 | D:14     | 26055 ||| Stepping ~*~*~tactically~*~*~ (hiding).
 26056 | D:14     | 26056 ||| Stepping ~*~*~tactically~*~*~ (hiding).
 26057 | D:14     | 26057 ||| Stepping ~*~*~tactically~*~*~ (hiding).
 26190 | D:14     | 26190 ||| Stepping ~*~*~tactically~*~*~ (stealth).
 26192 | D:14     | 26192 ||| Stepping ~*~*~tactically~*~*~ (stealth).
 26194 | D:14     | 26194 ||| Stepping ~*~*~tactically~*~*~ (stealth).
 26196 | D:14     | 26196 ||| INVOKING Heroism.
 26199 | D:14     | 26199 ||| READING 3 scrolls of teleportation.
 26240 | D:14     | 26240 ||| Stepping ~*~*~tactically~*~*~ (stealth).
 26242 | D:14     | 26242 ||| Stepping ~*~*~tactically~*~*~ (stealth).
 26244 | D:14     | 26244 ||| Stepping ~*~*~tactically~*~*~ (stealth).
 26299 | D:14     | 26299 ||| INVOKING Heroism.
 26438 | D:14     | 26438 ||| INVOKING Heroism.
 26599 | D:14     | 26599 ||| Stepping ~*~*~tactically~*~*~ (stealth).
 26619 | D:14     | 26619 ||| FLEEEEING.
 26622 | D:14     | 26622 ||| FLEEEEING.
 26623 | D:14     | 26623 ||| FLEEEEING.
 26624 | D:14     | 26624 ||| FLEEEEING.
 26625 | D:14     | 26625 ||| FLEEEEING.
 26626 | D:14     | 26626 ||| FLEEEEING.
 26627 | D:14     | 26627 ||| FLEEEEING.
 26628 | D:14     | 26628 ||| FLEEEEING.
 26629 | D:14     | 26629 ||| FLEEEEING.
 26630 | D:14     | 26630 ||| FLEEEEING.
 26631 | D:14     | 26631 ||| FLEEEEING.
 26632 | D:14     | 26632 ||| FLEEEEING.
 26633 | D:14     | 26633 ||| FLEEEEING.
 26634 | D:14     | 26634 ||| FLEEEEING.
 26649 | D:14     | 26649 ||| INVOKING Heroism.
 26655 | D:14     | Received a gift from Okawaru
 26712 | D:14     | 26712 ||| FLEEEEING.
 26713 | D:14     | 26713 ||| FLEEEEING.
 26714 | D:14     | 26714 ||| FLEEEEING.
 26715 | D:14     | 26715 ||| FLEEEEING.
 26716 | D:14     | 26716 ||| FLEEEEING.
 26717 | D:14     | 26717 ||| FLEEEEING.
 26718 | D:14     | 26718 ||| FLEEEEING.
 26719 | D:14     | 26719 ||| FLEEEEING.
 26720 | D:14     | 26720 ||| FLEEEEING.
 26724 | D:14     | 26724 ||| FLEEEEING.
 26725 | D:14     | 26725 ||| FLEEEEING.
 26726 | D:14     | 26726 ||| FLEEEEING.
 26727 | D:14     | 26727 ||| FLEEEEING.
 26745 | D:14     | 26745 ||| FLEEEEING.
 26746 | D:14     | 26746 ||| FLEEEEING.
 26747 | D:14     | 26747 ||| FLEEEEING.
 26760 | D:14     | 26760 ||| FLEEEEING.
 26761 | D:14     | 26761 ||| STAIRDANCE
 26944 | D:13     | 26944 ||| UPGRADING to +1 buckler of protection.
 26954 | D:13     | 26954 ||| DROPPING +0 buckler.
 26973 | D:14     | 26973 ||| INVOKING Heroism.
 27336 | D:14     | Found a gate to the Vaults.
 27352 | D:14     | 27352 ||| Stepping ~*~*~tactically~*~*~ (stealth).
 27354 | D:14     | 27354 ||| Stepping ~*~*~tactically~*~*~ (stealth).
 27356 | D:14     | 27356 ||| Stepping ~*~*~tactically~*~*~ (stealth).
 27358 | D:14     | 27358 ||| Stepping ~*~*~tactically~*~*~ (stealth).
 27360 | D:14     | 27360 ||| Stepping ~*~*~tactically~*~*~ (stealth).
 27362 | D:14     | 27362 ||| Stepping ~*~*~tactically~*~*~ (stealth).
 27368 | D:14     | 27368 ||| Stepping ~*~*~tactically~*~*~ (stealth).
 27407 | D:14     | Found a glowing golden altar of the Shining One.
 27466 | D:14     | 27466 ||| UPGRADING to +0 kite shield.
 27476 | D:14     | 27476 ||| DROPPING +1 buckler of protection.
 27477 | D:14     | 27477 ||| UPGRADING to +3 plate armour.
 27487 | D:14     | 27487 ||| DROPPING +0 shadow dragon scales.
 27559 | D:15     | Entered Level 15 of the Dungeon
 27560 | D:15     | 27560 ||| Stepping ~*~*~tactically~*~*~ (hiding).
 27561 | D:15     | 27561 ||| INVOKING Heroism.
 27875 | D:15     | 27875 ||| Stepping ~*~*~tactically~*~*~ (hiding).
 27904 | D:15     | 27904 ||| INVOKING Heroism.
 28319 | D:15     | 28319 ||| Stepping ~*~*~tactically~*~*~ (hiding).
 28320 | D:15     | 28320 ||| Stepping ~*~*~tactically~*~*~ (hiding).
 28322 | D:15     | 28322 ||| INVOKING Heroism.
 28338 | D:15     | 28338 ||| INVOKING Finesse.
 28352 | D:15     | Reached skill level 9 in Shields
 28428 | D:15     | Found a staircase to the Depths.
 28554 | D:15     | 28554 ||| Stepping ~*~*~tactically~*~*~ (stealth).
 28557 | D:15     | 28557 ||| INVOKING Heroism.
 28688 | D:15     | Reached XP level 17. HP: 107/110 MP: 24/24
 28940 | D:15     | 28940 ||| PLANNING ORC
 28940 | D:15     | 28940 ||| UPGRADING to +1 kite shield of protection.
 28950 | D:15     | 28950 ||| DROPPING +0 kite shield.
 29076 | Orc:1    | Entered Level 1 of the Orcish Mines
 29153 | Orc:1    | 29153 ||| INVOKING Heroism.
 29174 | Orc:1    | 29174 ||| Stepping ~*~*~tactically~*~*~ (stealth).
 29182 | Orc:1    | 29182 ||| Stepping ~*~*~tactically~*~*~ (hiding).
 29424 | Orc:2    | Entered Level 2 of the Orcish Mines
 29428 | Orc:2    | 29428 ||| Stepping ~*~*~tactically~*~*~ (hiding).
 29432 | Orc:2    | 29432 ||| INVOKING Heroism.
 29478 | Orc:2    | 29478 ||| Stepping ~*~*~tactically~*~*~ (stealth).
 29487 | Orc:2    | Received a gift from Okawaru
 29495 | Orc:2    | 29495 ||| FLEEEEING.
 29503 | Orc:2    | 29503 ||| STAIRDANCE
 29551 | Orc:2    | 29551 ||| Stepping ~*~*~tactically~*~*~ (stealth).
 29564 | Orc:2    | 29564 ||| Stepping ~*~*~tactically~*~*~ (stealth).
 29566 | Orc:2    | 29566 ||| INVOKING Heroism.
 29600 | Orc:2    | 29600 ||| INVOKING Heroism.
 29602 | Orc:2    | 29602 ||| Stepping ~*~*~tactically~*~*~ (stealth).
 29619 | Orc:2    | 29619 ||| Stepping ~*~*~tactically~*~*~ (stealth).
 29659 | Orc:2    | 29659 ||| FLEEEEING.
 29660 | Orc:2    | 29660 ||| FLEEEEING.
 29661 | Orc:2    | 29661 ||| FLEEEEING.
 29662 | Orc:2    | 29662 ||| FLEEEEING.
 29663 | Orc:2    | 29663 ||| FLEEEEING.
 29664 | Orc:2    | 29664 ||| FLEEEEING.
 29665 | Orc:2    | 29665 ||| FLEEEEING.
 29666 | Orc:2    | 29666 ||| FLEEEEING.
 29667 | Orc:2    | 29667 ||| FLEEEEING.
 29668 | Orc:2    | 29668 ||| FLEEEEING.
 29669 | Orc:2    | 29669 ||| FLEEEEING.
 29670 | Orc:2    | 29670 ||| FLEEEEING.
 29671 | Orc:2    | 29671 ||| STAIRDANCE
 29805 | Orc:2    | 29805 ||| STAIRDANCE
 29889 | Orc:2    | Found Hiolah's Weapon Shop.
 29894 | Orc:2    | Found Hinniemi's Weapon Shop.
 29898 | Orc:2    | 29898 ||| INVOKING Heroism.
 29905 | Orc:2    | Reached skill level 12 in Shields
 29932 | Orc:2    | 29932 ||| FLEEEEING.
 29933 | Orc:2    | 29933 ||| FLEEEEING.
 29934 | Orc:2    | 29934 ||| FLEEEEING.
 30053 | Orc:2    | 30053 ||| FLEEEEING.
 30059 | Orc:2    | 30059 ||| STAIRDANCE
 30141 | Orc:2    | 30141 ||| Stepping ~*~*~tactically~*~*~ (stealth).
 30169 | Orc:2    | 30169 ||| INVOKING Heroism.
 30190 | Orc:2    | Found Joume's Magic Scroll Emporium.
 30225 | Orc:2    | Found Huossugh's Distillery.
 30228 | Orc:2    | 30228 ||| BUYING scroll of identify (24 gold).
 30228 | Orc:2    | Bought a scroll of identify for 24 gold pieces
 30233 | Orc:2    | 30233 ||| BUYING 2 potions of haste (280 gold).
 30233 | Orc:2    | Bought 2 potions of haste for 280 gold pieces
 30233 | Orc:2    | 30233 ||| BUYING potion of attraction (42 gold).
 30233 | Orc:2    | Bought a potion of attraction for 42 gold pieces
 30233 | Orc:2    | 30233 ||| BUYING potion of attraction (42 gold).
 30233 | Orc:2    | Bought a potion of attraction for 42 gold pieces
 30233 | Orc:2    | 30233 ||| BUYING potion of curing (42 gold).
 30233 | Orc:2    | Bought a potion of curing for 42 gold pieces
 30233 | Orc:2    | 30233 ||| BUYING potion of curing (42 gold).
 30233 | Orc:2    | Bought a potion of curing for 42 gold pieces
 30233 | Orc:2    | 30233 ||| BUYING potion of curing (42 gold).
 30233 | Orc:2    | Bought a potion of curing for 42 gold pieces
 30233 | Orc:2    | 30233 ||| BUYING potion of haste (140 gold).
 30233 | Orc:2    | Bought a potion of haste for 140 gold pieces
 30233 | Orc:2    | 30233 ||| BUYING potion of might (56 gold).
 30233 | Orc:2    | Bought a potion of might for 56 gold pieces
 30233 | Orc:2    | 30233 ||| BUYING potion of mutation (112 gold).
 30233 | Orc:2    | Bought a potion of mutation for 112 gold pieces
 30256 | Orc:2    | Found a staircase to the Elven Halls.
 30419 | Orc:1    | 30419 ||| INVOKING Heroism.
 30518 | Orc:1    | 30518 ||| Stepping ~*~*~tactically~*~*~ (stealth).
 30567 | Orc:1    | 30567 ||| PLANNING SWAMP:1-3
 30730 | Swamp:1  | Entered Level 1 of the Swamp
 30731 | Swamp:1  | 30731 ||| INVOKING Heroism.
 30744 | Swamp:1  | HP: 26/110 [alligator (16)]
 30745 | Swamp:1  | 30745 ||| READING 2 scrolls of teleportation.
 30746 | Swamp:1  | 30746 ||| DRINKING 3 potions of heal wounds.
 30746 | Swamp:1  | Mangled by a bunyip

Levels and vault maps discovered:
D:1:      dpeg_arrival_arbitrary_c, layout_loops_corners,
          basic_ecumenical_altar, grunt_decor_resistance, minmay_close_crescents
D:2:      layout_basic
D:3:      layout_basic, amcnicky_altar_gilded, nemelex_dance_club_becter,
          roderic_batcave, minmay_increasing_density, uniq_ijyb
D:4:      layout_rooms, ashenzari_altar_1
D:5:      layout_basic, nicolae_qazlal_general_emergency, hex_intersection
D:6:      gammafunk_wand_slinger, layout_basic, old_standard_altar,
          mainiacjoe_overflow_small_starburst, jmf_multi_god_temple2,
          minmay_temple_entry_crystal_x, minmay_hollow_rounded_squares,
          uniq_grinder
D:7:      layout_layer_cave, lemuel_coloured_pillars_altar,
          hellmonk_guarded_unrand_hermit
D:8:      layout_cave_pools, mainiacjoe_overflow_concentric_impassable,
          nicolae_dithmenos_through_a_glass_darkly, erik_lair_orcish_takeover,
          uniq_maurice, uniq_amaemon, uniq_maggie
D:9:      cheibrodos_statue_roulette, layout_loops_ring, uniq_erica
D:10:     layout_roguey, amcnicky_mini_corridor_feature
D:11:     layout_rooms, hiddenorc2_lemuel
D:12:     layout_loops_corners, enter_trove_1, serial_ice, serial_ice_b,
          serial_ice_m, serial_ice_g, serial_ice_o, serial_ice_i, serial_ice_n,
          serial_ice_f, minmay_joined_circles
D:13:     layout_loops_ring, minmay_misc_feat_room
D:14:     layout_loops_ring, erik_vaults_2, gauntlet_entry_generic,
          serial_park_gazebo [serial_park_minivault_5x5_8], tso_altar
D:15:     hangedman_depths_entry_civil_slaughter, layout_basic,
          minmay_misc_feat_x
Temple:   minmay_temple_curvy_loop
Lair:1:   layout_cave_pods, lemuel_fruit_tree
Lair:2:   layout_cellular_growth, minmay_swamp_entry_wisps,
          nicolae_spider_entry_non_spiders, infiniplex_staircase_pool,
          grunt_megastairs_5, serial_bayou_shore_b, uniq_urug
Lair:3:   layout_regular_city, minivault_24, cheibrodos_lair_caveside_slide
Lair:4:   layout_roguey, st_stairs_7
Lair:5:   guppyfry_lair_end_dragon, layout_regular_city,
          hangedman_lair_caniforms_friends, dpeg_slime_entry_corner,
          nicolae_volcano_entry_batcave, grunt_megastairs_3
Swamp:1:  layout_falls_marsh, nicolae_swamp_orc_logging_accident
Orc:1:    layout_diamond_mine
Orc:2:    st_orc_open, layout_diamond_mine

Skill      XL: |  1  2  3  4  5  6  7  8  9 10 11 12 13 14 15 16 17 |
---------------+----------------------------------------------------+-----
Axes           | 2 3 4 5 6 7 8 10 11 12 13 14 16 17 | 17.0
Fighting       | 4 5 6 7 8 9 10 11 12 13 | 13.9
Dodging        | 1 2 3 4 5 |  5.0
Throwing       | 1 2 3 5 6 7 |  7.0
Shields        | 4 5 6 7 8 10 12 | 12.8
Invocations    | 4 8 10 | 10.0
Armour         | 5 7 8 9 10 11 | 11.8

Action                   |  1- 3 |  4- 6 |  7- 9 | 10-12 | 13-15 | 16-18 || total
-------------------------+-------+-------+-------+-------+-------+-------++-------
Melee: War axe           |    84 |   150 |       |       |       |       ||   234
       Broad axe         |       |    13 |   272 |   434 |  1077 |   465 ||  2261
Throw: Boomerang         |       |    51 |    63 |    58 |    34 |    32 ||   238
       Javelin           |       |       |       |    41 |   150 |    49 ||   240
Invok: Heroism           |       |       |     1 |    29 |    31 |    20 ||    81
       Finesse           |       |       |       |     2 |     8 |     1 ||    11
  Use: Scroll            |     2 |    14 |     2 |     6 |    10 |     2 ||    36
       Potion            |       |     1 |     1 |     1 |     4 |     1 ||     8
 Stab: Distracted        |       |       |       |       |     2 |       ||     2
Armor: Scale mail        |    28 |    93 |   100 |       |       |       ||   221
       Chain mail        |       |       |    14 |     8 |       |       ||    22
       Plate armour      |       |       |       |   187 |   498 |   152 ||   837
       Shadow dragon sca |       |       |       |       |       |    62 ||    62
Dodge: Dodged            |    29 |    70 |   148 |   174 |   525 |   190 ||  1136
Block: Buckler           |    14 |    31 |    38 |    97 |   281 |    43 ||   504
       Kite shield       |       |       |       |       |       |   186 ||   186

Table legend:
 A = Non-vault XP
 B = Vault XP
 C = Vault XP percentage of total XP
 D = Non-vault monster count
 E = Vault monster count
 F = Vault count percentage of total count
                 A         B        C        D         E       F
            +---------+---------+-------+---------+---------+-------
      Total |   91529 |   66201 |  42.0 |     468 |     273 |  36.8
            +---------+---------+-------+---------+---------+-------
        D:1 |      51 |       7 |  12.1 |      22 |       4 |  15.4
        D:2 |     154 |       0 |   0.0 |      24 |       0 |   0.0
        D:3 |      21 |     180 |  89.6 |       7 |      17 |  70.8
        D:4 |     157 |       0 |   0.0 |      18 |       0 |   0.0
        D:5 |     894 |       0 |   0.0 |      15 |       0 |   0.0
        D:6 |     615 |    1254 |  67.1 |      27 |      14 |  34.1
        D:7 |    1181 |     615 |  34.2 |      18 |       1 |   5.3
        D:8 |    1960 |    2633 |  57.3 |      12 |      12 |  50.0
        D:9 |    2595 |    2983 |  53.5 |      21 |       6 |  22.2
       D:10 |    1664 |       0 |   0.0 |      22 |       0 |   0.0
       D:11 |    3978 |     293 |   6.9 |      26 |      32 |  55.2
       D:12 |    5096 |    7406 |  59.2 |      15 |      34 |  69.4
       D:13 |    7392 |       0 |   0.0 |      15 |       0 |   0.0
       D:14 |    7206 |    6942 |  49.1 |      14 |       8 |  36.4
       D:15 |    6846 |    4202 |  38.0 |      14 |       6 |  30.0
     Lair:1 |    7017 |     550 |   7.3 |      33 |       1 |   2.9
     Lair:2 |    5301 |    1784 |  25.2 |      23 |      10 |  30.3
     Lair:3 |    7888 |       0 |   0.0 |      19 |       0 |   0.0
     Lair:4 |    8730 |     196 |   2.2 |      29 |       1 |   3.3
     Lair:5 |   14825 |   17200 |  53.7 |      38 |      79 |  67.5
    Swamp:1 |     889 |       0 |   0.0 |       2 |       0 |   0.0
      Orc:1 |    2726 |       0 |   0.0 |      25 |       0 |   0.0
      Orc:2 |    4343 |   15100 |  77.7 |      29 |      37 |  56.1
   Gauntlet |       0 |    4856 | 100.0 |       0 |      11 | 100.0
            +---------+---------+-------+---------+---------+-------
